AoeStats
← CTM | Grabiel

African Clearing

506746175Analyzed
4v4 RM · 17d ago on Sep 14, 2026· 39m 43s· 8 players
Game mode
Random Map
Map size
Large (8 player)
Population
200
Speed
Normal
Resources
Standard
Victory
Conquest
Starting age
Dark Age
Ending age
Imperial Age
RankedLock teamsTeams togetherTeam positionsShared explorationLock speedFull tech treeHidden civsTurbo modeCheats
Victory
Defeat
🇦🇷 Malay · Argentina
1567
+12
🇲🇽 Georgians · Mexico
1460
+16
🇵🇪 Persians · Peru
1420
+18
🇦🇷 Huns · Argentina
1308
+22
🇵🇪 Romans · Peru
1739
-27
🇲🇽 Tatars · Mexico
1490
-18
🇲🇽 Spanish · Mexico
1444
-16
1194
-7
CTM | Grabiel
14:12 Feudal Age
13:07 Loom
17:03 Castle Age
15:10 Double-Bit Axe
MHT. Nahuel 047
6:12 Loom
15:06 Feudal Age
18:57 Castle Age
18:37 Double-Bit Axe
26:48 Wheelbarrow
26:58 Town Watch
34:02 Imperial Age
32:19 Bow Saw
34:05 Hand Cart
33:43 Fletching
34:06 Pikeman
34:46 Squires
34:48 Scale Mail Armor
34:59 Forging
35:18 Conscription
34:53 Halberdier
37:30 Marauders
38:14 Scale Barding Armor
38:46 Iron Casting
38:28 Elite Tarkan
39:52 Arson
40:24 Chain Mail Armor
Kaanan
12:15 Loom
14:00 Feudal Age
15:03 Double-Bit Axe
17:56 Castle Age
17:51 Fishing Lines
19:07 Gillnets
19:37 Bow Saw
20:17 Horse Collar
22:09 Wheelbarrow
27:08 Hand Cart
31:49 Imperial Age
29:43 Scale Barding Armor
30:25 Bloodlines
30:10 Gold Mining
31:08 Chain Barding Armor
30:36 Town Watch
31:27 Husbandry
31:35 Cavalier
32:59 Plate Barding Armor
33:03 Conscription
33:36 Forging
35:14 Iron Casting
35:27 Savar
37:09 Blast Furnace
36:40 Capped Ram
CAMF
4:35 Loom
11:54 Feudal Age
12:54 Double-Bit Axe
13:16 Horse Collar
15:24 Fletching
22:57 Castle Age
21:52 Gold Mining
23:06 Crossbowman
CTM | ELKINDER16
6:50 Loom
14:58 Feudal Age
19:19 Castle Age
18:46 Fletching
18:50 Double-Bit Axe
<color=0/0.7/0.7>🎀Arrow🎀
6:32 Loom
13:12 Feudal Age
14:50 Double-Bit Axe
16:37 Wheelbarrow
16:42 Gold Mining
23:26 Bloodlines
24:25 Scale Barding Armor
27:41 Forging
30:52 Castle Age
29:16 Fletching
31:29 Padded Archer Armor
31:29 Scale Mail Armor
31:39 Crossbowman
32:25 Thumb Ring
33:25 Iron Casting
33:08 Husbandry
34:14 Hand Cart
35:31 Thumb Ring
wAkKo
5:20 Loom
13:21 Feudal Age
19:44 Castle Age
17:48 Gold Mining
18:08 Double-Bit Axe
18:18 Stone Mining
24:54 Horse Collar
28:41 Bow Saw
32:59 Forging
32:52 Padded Archer Armor
36:17 Heavy Plow
CTM | Lelouch
10:02 Loom
13:38 Feudal Age
17:53 Castle Age
15:59 Double-Bit Axe
19:25 Bow Saw
20:47 Ballistics
36:34 Pikeman
39:22 Scale Mail Armor
Connection lost

Rejoining the realm…

Still unreachable

The connection could not be restored.

Session expired

The server has moved on; the page needs a fresh start.